 Dungeon Crawl Stone Soup version 0.20-a0-1124-g2e29d97 (webtiles) character file.

416 Hook the Ruffian (level 6, 0/53 HPs)
             Began as a Ghoul Monk on May 15, 2017.
             Was a Believer of Okawaru.
             Slain by an orc wizard
             ... wielding a +0 dagger
              (5 damage)
             ... on level 5 of the Dungeon.
             The game lasted 00:12:48 (3705 turns).

Hook the Ruffian (Ghoul Monk)                       Turns: 3705, Time: 00:12:49

Health: 0/53       AC:  5    Str: 17    XL:     6   Next: 92%
Magic:  5/5        EV: 13    Int:  5    God:    Okawaru [**....]
Gold:   188        SH:  0    Dex: 11    Spells: 5/5 levels left

rFire    + . .     SeeInvis .     - Unarmed
rCold    + . .     Gourm    .   (no shield)
rNeg     + + +     Faith    .   r - +0 leather armour
rPois    ∞         Spirit   .   l - +0 helmet
rElec    .         Reflect  .   q - +0 cloak
rCorr    .         Harm     .   (no gloves)
MR       .....                  (no boots)
Stlth    ++........             (no amulet)
Regen    0.0/turn               m - ring of fire
MPRegen  0.1/turn               d - ring of protection from cold

@: rotting, slowed, very slow
A: rotting body, claws 1, carnivore 3, cold resistance 1, negative energy
resistance 3, inhibited regeneration, torment resistance, unbreathing
a: Heroism, Renounce Religion


You were on level 5 of the Dungeon.
You worshipped Okawaru.
Okawaru was pleased with you.
You were not hungry.

You visited 2 branches of the dungeon, and saw 6 of its levels.

You collected 188 gold pieces.

Inventory:

Missiles
 h - 3 javelins (quivered)
 t - 2 poisoned javelins
Armour
 l - a +0 helmet (worn)
 q - a +0 cloak (worn)
 r - a +0 leather armour (worn)
Jewellery
 d - a ring of protection from cold (right claw)
 m - a ring of fire (left claw)
Scrolls
 a - 2 scrolls of remove curse
 j - 2 scrolls of identify
 n - a scroll of enchant armour {unknown}
 p - a scroll of fog {unknown}
 s - a scroll of holy word {unknown}
Potions
 c - a potion of heal wounds
 e - a potion of flight
 f - a potion of lignification {unknown}
 g - 2 potions of agility {unknown}
 i - a potion of brilliance {unknown}
 k - 2 potions of berserk rage {unknown}
Comestibles
 b - 2 meat rations
 o - 2 royal jellies


   Skills:
 + Level 4.4 Fighting
 * Level 4.6 Dodging
 - Level 2.2 Stealth
 * Level 6.0 Unarmed Combat


You had 5 spell levels left.
You didn't know any spells.

Dungeon Overview and Level Annotations

Branches:
Dungeon (5/15)             Temple (1/1) D:5

Altars:
Ashenzari
Cheibriados
Dithmenos
Elyvilon
Fedhas
Hepliaklqana
Kikubaaqudgha
Makhleb
Nemelex Xobeh
Okawaru
Qazlal
Ru
Sif Muna
Trog
Uskayaw
Vehumet
Wu Jian
Xom
Yredelemnul
Zin
The Shining One

Annotations:
D:3 Doomer's ghost, novice GrFi
D:4 Dowan; Duvessa


Innate Abilities, Weirdness & Mutations

Your body is rotting away.
You thrive on raw meat.
You are immune to poison.
You have sharp fingernails.
You are carnivorous and can eat meat at any time.
Your flesh is cold resistant. (rC+)
You are immune to negative energy. (rN+++)
You do not regenerate when monsters are visible.
You are immune to unholy pain and torment.
You can survive without breathing.


Message History

* * * LOW HITPOINT WARNING * * *
The gnoll hits you with a halberd.
* * * LOW HITPOINT WARNING * * *
You claw the gnoll!
You kill the gnoll!
Okawaru accepts your kill.
The orc wizard hits you but does no damage.
The orc wizard misses you. The orc wizard misses you.
Items here: ) ? [ † a halberd; a robe; a scroll of remove curse; a gnoll corpse The orc wizard closely misses you.
The orc wizard gestures at you while chanting.
The magic dart hits you!
* * * LOW HITPOINT WARNING * * *
The orc wizard hits you but does no damage.
The orc wizard hits you with a dagger.
* * * LOW HITPOINT WARNING * * *
The orc wizard misses you. The orc wizard hits you with a dagger.
You die...

.###..#.......................
...##.##......................
...[..........................
#..####..............[.....###
#..# #.................####
#..# #................... ##.#
#.............##...#.
...####................#.##.
................@....#.#..#
................oo...#...
...#.##......÷..o.####.#
...#..........#...).)..##
######.####.#.##..###)$.##.
#.# #..#.###...#........ #.#
#.##..##.#.#o...##..
#.###.###.##....(....(
######..##.###.#.............


You could see 2 orc wizards and an orc.

Vanquished Creatures
  A crimson imp (D:5)
  An orc priest (D:5)
  A bullfrog skeleton (D:5)
  2 orc wizards
  Crazy Yiuf (D:4)
  A worker ant (D:4)
  7 gnolls
  6 adders
  2 oozes
  An adder skeleton (D:4)
  5 worms
  A dart slug (D:1)
  4 orcs (D:4)
  5 bats
  4 giant cockroaches
  5 goblins (D:1)
  8 hobgoblins
  5 jackals
  2 quokkas
  5 frilled lizards
  5 kobolds
  A quokka zombie (D:5)
  6 rats
79 creatures vanquished.

Notes
Turn   | Place    | Note
-------+----------+-------------------------------------------
     0 | D:1      | Hook the Ghoul Monk began the quest for the Orb.
     0 | D:1      | Reached XP level 1. HP: 19/19 MP: 0/0
    65 | D:1      | Reached XP level 2. HP: 5/26 MP: 1/1
   488 | D:1      | Reached skill level 4 in Unarmed Combat
   562 | D:1      | Reached XP level 3. HP: 26/30 MP: 2/2
  1109 | D:2      | Reached XP level 4. HP: 30/38 MP: 3/3
  1835 | D:3      | Noticed Doomer's ghost (novice GrFi)
  2226 | D:4      | Found a runed door.
  2257 | D:4      | Reached skill level 5 in Unarmed Combat
  2257 | D:4      | Reached XP level 5. HP: 37/46 MP: 4/4
  2513 | D:4      | Noticed Dowan
  2562 | D:4      | Noticed Duvessa
  2618 | D:4      | Noticed Crazy Yiuf
  2625 | D:4      | Killed Crazy Yiuf
  2796 | D:4      | Found a burning altar of Makhleb.
  2886 | D:4      | Reached XP level 6. HP: 21/52 MP: 5/5
  3142 | D:4      | Noticed a phantom
  3232 | D:5      | Entered Level 5 of the Dungeon
  3334 | D:5      | Found a staircase to the Ecumenical Temple.
  3368 | Temple   | Entered the Ecumenical Temple
  3424 | Temple   | Became a worshipper of Warmaster Okawaru
  3424 | Temple   | Reached * piety under Okawaru
  3424 | Temple   | Reached ** piety under Okawaru
  3687 | D:5      | Reached skill level 6 in Unarmed Combat
  3705 | D:5      | Slain by an orc wizard

Vault maps used:
D:1:      eino_arrival_water_star
D:2:      kennysheep_cross_room, serial_park_tiny_1
D:3:      feat_on_display
D:4:      marbit_many_paths, first_bread, uniq_duvessa, uniq_crazy_yiuf_cottage
D:5:      minmay_temple_entry_butterflies
Temple:   regret_index_temple_chain_breaker

Skill      XL: |  1  2  3  4  5  6 |
---------------+-------------------+-----
Unarmed Combat | 4 5 6 |  6.0
Dodging        | 3 4 |  4.6
Fighting       | 4 |  4.4
Stealth        | |  2.2

Action                   |  1- 3 |  4- 6 || total
-------------------------+-------+-------++-------
Melee: Unarmed           |   111 |   165 ||   276
       Punch             |     2 |     2 ||     4
Throw: Javelin           |     1 |    12 ||    13
  Use: Scroll            |     2 |     7 ||     9
       Potion            |       |     1 ||     1
 Stab: Sleeping          |     2 |     4 ||     6
       Distracted        |     1 |       ||     1
  Eat: Chunk             |     1 |     7 ||     8
       Royal jelly       |       |     1 ||     1
Armor: Robe              |    14 |    10 ||    24
       Leather armour    |       |    17 ||    17
Dodge: Dodged            |    78 |   116 ||   194
